 Dungeon Crawl Stone Soup version 0.31-a0-145-g046c7d2549 (webtiles) character file.

Game seed: 15332661530267442821

469 Midn8 the Insei (level 7, -1/84 HPs)
             Began as a Gnoll Reaver on May 25, 2023.
             Succumbed to an orc wizard's poison
             ... on level 4 of the Dungeon on June 6, 2023.
             The game lasted 00:06:16 (3278 turns).

Midn8 the Insei (Gnoll Reaver)                      Turns: 3278, Time: 00:06:16

Health: -1/84      AC: 23    Str: 11    XL:     7   Next: 9%
Magic:  15/15      EV:  2    Int: 14    God:
Gold:   153        SH:  0    Dex: 11    Spells: 14/17 levels left

rFire   . . .        x - +3 quarterstaff (chaos)
rCold   . . .        (shield currently unavailable)
rNeg    . . .        t - melded +2 leather armour {rF+}
rPois   +            (helmet currently unavailable)
rElec   .            y - melded +0 cloak
rCorr   .            (gloves currently unavailable)
SInv    .            (boots currently unavailable)
Will    .....        (no amulet)
Stlth   ++           (no ring)
HPRegen 0.34/turn    (no ring)
MPRegen 0.14/turn

%: no passive effects
@: lethally poisoned (-1 -> -11), tree-form
A: stationary, stasis, torment immunity, boosted hp, (fangs 1), strong nose,
distributed training
a: no special abilities


You were on level 4 of the Dungeon.
You were a tree.
You visited 1 branch of the dungeon, and saw 4 of its levels.

You collected 153 gold pieces.

Inventory:

Hand Weapons
 x - a +3 quarterstaff of chaos (weapon)
Missiles
 r - 2 javelins
 w - 17 poisoned darts
Armour
 a - a +0 leather armour
 t - a +2 leather armour of fire resistance (melded)
 y - a +0 cloak (melded)
Jewellery
 h - a ring of ice
 j - a ring of willpower
 q - a ring of protection from fire
 s - a ring of flight
 u - a ring of ice
Scrolls
 b - a scroll of immolation
 d - a scroll of identify
 g - 3 scrolls of teleportation
 i - a scroll of blinking {unknown}
 o - 2 scrolls of fog {unknown}
 p - a scroll of enchant armour {unknown}
Potions
 v - a potion of magic


   Skills:
 + Level 5.2 Fighting
 + Level 2.3 Short Blades
 + Level 2.3 Long Blades
 + Level 2.3 Axes
 + Level 2.3 Maces & Flails
 + Level 2.3 Polearms
 + Level 2.3 Staves
 + Level 2.3 Ranged Weapons
 + Level 2.3 Throwing
 + Level 2.3 Armour
 + Level 5.2 Dodging
 + Level 2.3 Stealth
 + Level 2.3 Shields
 + Level 7.0 Unarmed Combat
 + Level 5.5 Spellcasting
 + Level 5.8 Conjurations
 + Level 1.9 Hexes
 + Level 1.9 Summonings
 + Level 1.9 Necromancy
 + Level 1.9 Translocations
 + Level 1.9 Transmutations
 + Level 1.9 Fire Magic
 + Level 1.9 Ice Magic
 + Level 1.9 Air Magic
 + Level 1.9 Earth Magic
 + Level 1.9 Poison Magic
 + Level 2.6 Invocations
 + Level 2.3 Evocations


You had 14 spell levels left.
You knew the following spells:

 Your Spells              Type           Power      Damage    Failure   Level
a - Kiss of Death         Conj/Necr      56%        2d9       3%          1
s - Momentum Strike       Conj/Tloc      28%        3d8       4%          2

Your spell library contained the following spells:

 Spells                   Type           Power      Damage    Failure   Level
 Hailstorm                Conj/Ice       14%        3d5       10%         3


Dungeon Overview and Level Annotations

Branches:
Dungeon (4/15)
 Temple: D:4-7

Altars:
Qazlal
Wu Jian

Shops:
D:1 =


Innate Abilities, Weirdness & Mutations

You are a tree.
Your roots penetrate the ground, keeping you stationary.
You cannot be teleported.
You are immune to unholy pain and torment.
Your maximum health is greatly increased.
Your equipment is partially melded.
((You have very sharp teeth.))
Your uncanny sense of smell can sniff out nearby items.
Your experience applies equally to all skills.


Message History

You completely miss something.
You feel very sick. The hound bites you but does no damage.
You hear some strange, mumbled words.
Something tries to affect you, but you resist.
The orc hits you with a +0 whip.
* * * LOW HITPOINT WARNING * * *
The orc completely misses you.
You nearly hit yourself!
You feel sick. The hound bites you but does no damage.
Something hits you but does no damage.
You are more poisoned.
The orc barely misses you. The orc hits you but does no damage.
The hound bites you but does no damage.
You miss something.
You feel very sick. The hound bites you but does no damage.
The orc hits you but does no damage. Something hits you but does no damage.
The orc hits you but does no damage. The hound bites you but does no damage.
You hit something. You freeze something.
You feel very sick. Something hits you but does no damage.
You are more poisoned.
The orc hits you but does no damage. The orc hits you with a +0 whip.
* * * LOW HITPOINT WARNING * * *
The hound bites you but does no damage. Something hits you but does no damage.
The orc hits you but does no damage. The hound bites you but does no damage.
The orc hits you but does no damage.
You attack the rock wall.
* * * LOW HITPOINT WARNING * * *
You feel very sick. The hound bites you.
* * * LOW HITPOINT WARNING * * *
The orc barely misses you. The orc hits you but does no damage.
You hear some strange, mumbled words.
A puff of flame appears from out of thin air!
The puff of flame hits you!
* * * LOW HITPOINT WARNING * * *
You swing at nothing.
You feel less confused.
You die...

########## ##..........
##...........
#####............
###))).............
######...###)o..........
##...........♣h..........
##............o{...)......
#...†.....................
#.........................
#...............##########
#...............#
#...............#
.........#########
.........#


You could see a hound and 2 orcs.

Vanquished Creatures
  A water moccasin (D:4)
  Crazy Yiuf (D:3)
  2 jellies (D:3)
  Natasha (thrice) (D:3)
  An iguana (D:4)
  2 orc wizards (D:4)
  2 gnolls
  An adder (D:2)
  An ufetubus (D:4)
  A worm (D:2)
  5 dart slugs
  5 orcs
  A bat (D:1)
  9 endoplasms
  5 giant cockroaches (D:1)
  4 hobgoblins
  3 jackals (D:2)
  12 kobolds
  3 quokkas (D:1)
  5 ball pythons
  2 frilled lizards (D:1)
  6 goblins
  4 rats
79 creatures vanquished.

Notes
Turn   | Place    | Note
-------+----------+-------------------------------------------
     0 | D:1      | Midn8 the Gnoll Reaver began the quest for the Orb.
     0 | D:1      | Reached XP level 1. HP: 20/20 MP: 6/6
    80 | D:1      | Reached XP level 2. HP: 26/26 MP: 7/7
   173 | D:1      | Found Leumiam's Jewellery Emporium.
   185 | D:1      | Learned a level 2 spell: Momentum Strike
   248 | D:1      | Reached skill level 5 in Spellcasting
   248 | D:1      | Reached XP level 3. HP: 26/31 MP: 7/9
   707 | D:1      | Reached skill level 1 in Invocations
  1084 | D:2      | Reached skill level 1 in Short Blades
  1084 | D:2      | Reached skill level 1 in Long Blades
  1084 | D:2      | Reached skill level 1 in Axes
  1084 | D:2      | Reached skill level 1 in Maces & Flails
  1084 | D:2      | Reached skill level 1 in Polearms
  1084 | D:2      | Reached skill level 1 in Staves
  1084 | D:2      | Reached skill level 1 in Ranged Weapons
  1084 | D:2      | Reached skill level 1 in Throwing
  1084 | D:2      | Reached skill level 1 in Armour
  1084 | D:2      | Reached skill level 1 in Stealth
  1084 | D:2      | Reached skill level 1 in Shields
  1084 | D:2      | Reached skill level 1 in Evocations
  1143 | D:2      | Reached XP level 4. HP: 29/38 MP: 11/11
  1575 | D:3      | Noticed Natasha
  1597 | D:3      | Killed Natasha
  1598 | D:3      | Reached skill level 1 in Hexes
  1598 | D:3      | Reached skill level 1 in Summonings
  1598 | D:3      | Reached skill level 1 in Necromancy
  1598 | D:3      | Reached skill level 1 in Translocations
  1598 | D:3      | Reached skill level 1 in Transmutations
  1598 | D:3      | Reached skill level 1 in Fire Magic
  1598 | D:3      | Reached skill level 1 in Ice Magic
  1598 | D:3      | Reached skill level 1 in Air Magic
  1598 | D:3      | Reached skill level 1 in Earth Magic
  1598 | D:3      | Reached skill level 1 in Poison Magic
  1676 | D:3      | Found a stormy altar of Qazlal.
  1804 | D:3      | Noticed Natasha
  1814 | D:3      | Killed Natasha
  1815 | D:3      | Reached XP level 5. HP: 39/43 MP: 12/12
  1939 | D:3      | Noticed Natasha
  1960 | D:3      | Killed Natasha
  2057 | D:3      | Found an ornate altar of the Wu Jian Council.
  2287 | D:3      | Reached XP level 6. HP: 32/50 MP: 12/14
  2391 | D:3      | Found a runed translucent door.
  2392 | D:3      | Noticed Crazy Yiuf
  2571 | D:3      | Killed Crazy Yiuf
  2572 | D:3      | Reached skill level 5 in Fighting
  2572 | D:3      | Reached skill level 5 in Dodging
  2724 | D:3      | Identified the +2 hammer "Hydra's Curse" {drain, Drain
                  | rPois Int+3}
  2762 | D:4      | Noticed a water moccasin
  2805 | D:4      | Killed a water moccasin
  2809 | D:4      | HP: 3/75 [poisoned by a water moccasin]
  2981 | D:4      | Upgraded the game from 0.31-a0-95-g6fa058ef04 to
                  | 0.31-a0-145-g046c7d2549
  3152 | D:4      | Reached skill level 7 in Unarmed Combat
  3152 | D:4      | Reached XP level 7. HP: 30/56 MP: 13/15
  3277 | D:4      | HP: 2/84 [something/puff of flame (7)]
  3278 | D:4      | Succumbed to an orc wizard's poison

Illustrated notes

Levels and vault maps discovered:
D:1:      ncdulo_wetmaze, layout_basic, serial_shops, shop
D:2:      layout_basic
D:3:      cheibrodos_fertilizer, layout_rooms, grunt_qazlal_clouds,
          lemuel_coloured_pillars_altar, minmay_tree_intersection,
          minmay_crystal_room, uniq_crazy_yiuf_cottage, uniq_natasha
D:4:      minmay_recursive_quarters, layout_rooms, st_stairs_3

Skill      XL: |  1  2  3  4  5  6 |
---------------+-------------------+-----
Spellcasting   | 5 |  5.5
Invocations    | 1 2 |  2.6
Short Blades   | 1 2 |  2.3
Long Blades    | 1 2 |  2.3
Axes           | 1 2 |  2.3
Maces & Flails | 1 2 |  2.3
Polearms       | 1 2 |  2.3
Staves         | 1 2 |  2.3
Ranged Weapons | 1 2 |  2.3
Throwing       | 1 2 |  2.3
Armour         | 1 2 |  2.3
Stealth        | 1 2 |  2.3
Shields        | 1 2 |  2.3
Evocations     | 1 2 |  2.3
Hexes          | 1 |  1.9
Summonings     | 1 |  1.9
Necromancy     | 1 |  1.9
Translocations | 1 |  1.9
Transmutations | 1 |  1.9
Fire Magic     | 1 |  1.9
Ice Magic      | 1 |  1.9
Air Magic      | 1 |  1.9
Earth Magic    | 1 |  1.9
Poison Magic   | 1 |  1.9
Fighting       | 5 |  5.2
Dodging        | 5 |  5.2
Unarmed Combat | 7 |  7.0
Conjurations   | |  5.8

Action                     |  1- 3 |  4- 6 |  7- 9 || total
---------------------------+-------+-------+-------++-------
  Melee: Unarmed           |    98 |   119 |       ||   217
         Bite              |     6 |    14 |       ||    20
         Punch             |     3 |     2 |       ||     5
         Quarterstaff      |       |    41 |    10 ||    51
   Cast: Momentum Strike   |       |     5 |       ||     5
         Kiss of Death     |       |     1 |       ||     1
    Use: Potion            |       |     5 |     1 ||     6
         Scroll            |       |     5 |       ||     5
   Stab: Sleeping          |       |     1 |       ||     1
 Armour: Leather armour    |    15 |    41 |    12 ||    68
         Skin              |       |     3 |    22 ||    25
  Dodge: Dodged            |    46 |   134 |    20 ||   200

Table legend: (Time is in decaauts)
 A = Elapsed time spent in this place.
 B = Non-inter-level travel time spent in this place.
 C = Inter-level travel time spent in this place.
 D = Time resting spent in this place.
 E = Time spent auto-exploring this place.
 F = Levels seen in this place.
 G = Mean time per level.
                   A        B        C        D        E       F      G
               +--------+--------+--------+--------+--------+-----+--------+
         Total |   3277 |   3078 |    199 |    774 |   1624 |   4 |  819.2 |
       Dungeon |   3277 |   3078 |    199 |    774 |   1624 |   4 |  819.2 |
               +--------+--------+--------+--------+--------+-----+--------+

Top non-repeatable levels by time:
     D:3: 1256 daAuts
     D:1: 1035 daAuts
     D:2: 500 daAuts
     D:4: 485 daAuts
